[Event "44th Chess Olympiad Women 2022"]
[Site "Chennai"]
[Date "2022.08.05"]
[Round "7.38"]
[White "Likando Namakau"]
[Black "Mosurovic, Milena"]
[Result "0-1"]
[WhiteElo "1544"]
[BlackElo "1452"]
[Annotator "NA"]
[PlyCount "132"]
[EventDate "2022.??.??"]
[TimeControl "60"]

1. e4 d5 2. exd5 Qxd5 3. Nc3 Qd8 4. Nf3 Nf6 5. Bc4 a6 6. d4 b5 7. Bd3 e6 8. a3 Bb7 9. Be3 Bd6 10. O-O Nbd7 11. Bg5 O-O 12. Ne4 Be7 13. Bxf6 Nxf6 14. Nxf6+ Bxf6 15. c3 Qd7 16. Re1 Rfd8 17. Be4 c5 18. Qc2 cxd4 19. cxd4 h6 20. Rad1 Rac8 21. Qe2 Bxe4 22. Qxe4 Rc4 23. b3 Rc3 24. Re3 Qc7 25. h3 Rc1 26. Ree1 Rxd1 27. Rxd1 Qc3 28. Qd3 Qxd3 29. Rxd3 e5 30. Ne1 exd4 31. Kf1 Kf8 32. Ke2 Ke7 33. Nf3 Ke6 34. Nd2 Kd5 35. f3 Bh4 36. f4 Re8+ 37. Kf3 Be1 38.
Nf1 Rc8 39. Ne3+ Ke6 40. Rxd4 Rc3 41. Rd1 Bh4 42. Rb1 Be7 43. Ke4 Bxa3 44. f5+ Kd6 45. Rd1+ Kc6 46. Rb1 Kc5 47. Nd5 Rc2 48. b4+ Kc6 49. Ne3 Rb2 50. Ra1 Rxb4+ 51. Kd3 Rb3+ 52. Ke4 Bc5 53. Nc2 Kb6 54. Rd1 Rg3 55. Rd2 a5 56. Kf4 Rc3 57. Ke4 a4 58.
Na1 Be7 59. Rd7 Bf6 60. Rd1 Rc4+ 61. Ke3 Bxa1 62. Rxa1 Ka5 63. Rd1 Rc7 64. Ra1 b4 65. g4 b3 66. h4 b2 0-1

[Event "44th Chess Olympiad Women 2022"]
[Site "Chennai"]
[Date "2022.08.05"]
[Round "7.38"]
[White "Milovic, Aleksandra"]
[Black "Mwango, Lorita"]
[Result "1/2-1/2"]
[WhiteElo "2129"]
[BlackElo "1920"]
[Annotator "NA RC"]
[PlyCount "95"]
[EventDate "2022.??.??"]
[TimeControl "60"]

1. d4 d5 2. Nc3 Nf6 3. Bf4 a6 4. e3 Bf5 5. Nf3 e6 6. Ne5 h6 7. g4 Bh7 8. a3 Nbd7 9. h4 Nxe5 10. Bxe5 Nd7 11. Bd3 Bxd3 12. Qxd3 c5 13. Bg3 Be7 14. O-O-O cxd4 15. Qxd4 Bf6 16. Qb4 Qb6 17. g5 Qxb4 18. axb4 Be7 19. e4 dxe4 20. Nxe4 hxg5 21. hxg5 Rxh1 22. Rxh1 O-O-O 23. Bd6 Bf8 24. Rh3 Nb8 25. Rh8 Be7 26.
Rxd8+ Bxd8 27. Be5 Be7 28. Bxg7 Bxb4 29. c3 Be7 30. Kd2 Kd7 31. Kd3 Kc6 32. f4 Nd7 33. b4 Nb6 34. Nd2 Nd5 35. Ke4 Bd6 36.
Be5 Bxe5 37. Kxe5 Nxc3 38. Kf6 Nd5+ 39. Kxf7 Nxf4 40. Ne4 b6 41. Kf6 Kb5 42. Ke5 Ng6+ 43. Kxe6 Kxb4 44. Kf5 Nh4+ 45. Kg4 Ng6 46. Kf5 Nh4+ 47. Kg4 Ng6 48. Kf5 1/2-1/2

[Event "44th Chess Olympiad Women 2022"]
[Site "Chennai"]
[Date "2022.08.05"]
[Round "7.39"]
[White "Antonio, Renelsa Taiane"]
[Black "Lopez L., Dairyn D."]
[Result "1/2-1/2"]
[WhiteElo "1471"]
[BlackElo "1574"]
[Annotator "NA"]
[PlyCount "174"]
[EventDate "2022.??.??"]
[TimeControl "60"]

1. e4 g6 2. d4 Bg7 3. Nf3 d6 4. Nc3 Nf6 5. Be2 Nbd7 6. Be3 O-O 7. O-O Ng4 8.
Bf4 e5 9. Bg3 Kh8 10. h3 Nh6 11. Qd2 Qe8 12. Nd5 Qd8 13. dxe5 dxe5 14. c3 c6 15. Nb4 Qe7 16. Nd3 Ng8 17. Nh2 Nc5 18. Nxc5 Qxc5 19. Kh1 Be6 20. f3 Rfd8 21. Qc2 h6 22. Bf2 Qe7 23. b3 Qg5 24. Rad1 Nf6 25.
h4 Qf4 26. g3 Rxd1 27. Rxd1 Nxe4 28. gxf4 Nxf2+ 29. Kg2 Nxd1 30.
Bxd1 exf4 31. Qd2 h5 32. c4 Kh7 33. Qxf4 Rd8 34. Bc2 Bh6 35.
Qe4 Bf5 36. Qe7 Rd2+ 37. Kg3 Rxc2 38. Qxf7+ Bg7 39. Qxb7 Rxa2 40. Qxc6 Rd2 41. Qc7 Rd7 42. Qc5 Bd4 43. Qb5 Bb6 44. c5 Bc7+ 45. f4 Rd3+ 46. Kg2 Be4+ 47. Kf2 Bxf4 48. Nf1 Rf3+ 49. Ke1 Kh6 50. Qe2 Bc6 51. Qe6 Bb5 52. Kd1 Rxf1+ 53. Kc2 Rf2+ 54. Kc3 Bd2+ 55. Kd4 Rf4+ 56. Kd5 Rf5+ 57. Kd4 Rf3 58. c6 Bf1 59. c7 Rd3+ 60. Kc5 Rc3+ 61. Kd6 Bf4+ 62. Kd7 Rxc7+ 63. Kd8 Rg7 64. Qf6 Bc7+ 65. Ke8 Bb5+ 66. Kf8 Rd7 67. Qg5+ Kh7 68. Qxb5 Bd6+ 69. Ke8 Re7+ 70. Kd8 Rg7 71. Qd5 Bg3 72. Qe4 Bc7+ 73. Ke8 Bb6 74. b4 Bf2 75. Kf8 Rg8+ 76. Kf7 Rg7+ 77. Kf6 Bb6 78. Qe8 Bd4+ 79. Kg5 Bb6 80. Kf6 Bd4+ 81. Ke6 Bb6 82. Kd6 Bf2 83. Qd8 Bg3+ 84. Kc6 Bf2 85. b5 Bb6 86. Qd6 Bf2 87. Qf4 Bb6 1/2-1/2

[Event "44th Chess Olympiad Women 2022"]
[Site "Chennai"]
[Date "2022.08.05"]
[Round "7.39"]
[White "Mazariegos, Silvia Carolina"]
[Black "Junior, Ednasia"]
[Result "1/2-1/2"]
[WhiteElo "1851"]
[BlackElo "1849"]
[Annotator "NA"]
[PlyCount "63"]
[EventDate "2022.??.??"]
[TimeControl "60"]

1. d4 Nf6 2. e3 g6 3. Bd3 Bg7 4. Nf3 O-O 5. Nbd2 d6 6. O-O Nbd7 7. c3 e5 8. dxe5 Nxe5 9. Nxe5 dxe5 10. Qe2 c6 11. a4 a5 12. e4 h6 13. b3 Be6 14. Bc4 Qd7 15. Ba3 Rfd8 16. Rfd1 Bf8 17. Bxf8 Kxf8 18. f3 Nh5 19. g3 Ng7 20. Qe3 h5 21. Qc5+ Qd6 22. Qxd6+ Rxd6 23. Bxe6 Rad8 24. Bc8 b6 25. Ra2 Rxc8 26. Rc1 b5 27. Rcc2 Rcd8 28. Nf1 Ra8 29. Rd2 Ke7 30. Kf2 Ne6 31. Rxd6 Kxd6 32. axb5 1/2-1/2

[Event "44th Chess Olympiad Women 2022"]
[Site "Chennai"]
[Date "2022.08.05"]
[Round "7.39"]
[White "Natareno, Elvia"]
[Black "Paulo, Jemima"]
[Result "0-1"]
[WhiteElo "1581"]
[BlackElo "1850"]
[Annotator "NA RC"]
[PlyCount "124"]
[EventDate "2022.??.??"]
[TimeControl "60"]

1. d4 Nf6 2. Nf3 g6 3. e3 Bg7 4. b3 O-O 5. Bb2 d6 6. Bd3 Nc6 7. a3 Nd7 8. O-O e5 9. d5 Ne7 10. e4 f5 11. c4 f4 12. h3 h6 13. Nbd2 g5 14. Nh2 Qe8 15. Be2 Nf6 16. Ng4 Bxg4 17. Bxg4 Nxg4 18. Qxg4 Qg6 19. Qd7 Rf7 20. Qg4 h5 21. Qe2 g4 22. Kh2 f3 23. gxf3 Raf8 24. Rg1 Qg5 25.
Raf1 Qh4 26. Rg3 Ng6 27. fxg4 Nf4 28. Qe3 hxg4 29. Rxg4 Qh5 30. Rfg1 Kh7 31. Qg3 Bh6 32. Rh4 Qg6 33. Bc1 Qxg3+ 34. fxg3 Ne2 35. Re1 Nxc1 36. Rxc1 Rf2+ 37. Kg1 Rxd2 38. Rf1 Rxf1+ 39. Kxf1 Rd3 40. g4 Kg6 41. Rh5 Rxb3 42. Kg2 Rxa3 43. Rf5 Bf4 44. Rf8 Rc3 45. Rb8 Rxc4 46. Rxb7 a5 47. Rb8 Rxe4 48. h4 a4 49. h5+ Kf7 50. Rb7 Rc4 51. Ra7 Bc1 52. Kh3 a3 53. h6 Rc3+ 54. Kh4 Bxh6 55. g5 Bg7 56. Kg4 Kg6 57. Ra5 e4 58. Kf4 e3 59. Kf3 Bd4 60.
Ra4 Bc5 61. Ra8 Rc2 62. Rg8+ Kf7 0-1

[Event "44th Chess Olympiad Women 2022"]
[Site "Chennai"]
[Date "2022.08.05"]
[Round "7.39"]
[White "Pires, Luzia"]
[Black "Juarez Garcia, Daniela"]
[Result "0-1"]
[WhiteElo "1842"]
[BlackElo "1725"]
[Annotator "NA RC"]
[PlyCount "138"]
[EventDate "2022.??.??"]
[TimeControl "60"]

1. d4 d5 2. Nf3 Nf6 3. e3 e6 4. Bd3 Nbd7 5. Nbd2 Be7 6. O-O b6 7. Re1 Bb7 8. e4 dxe4 9. Nxe4 Nxe4 10. Bxe4 Bxe4 11. Rxe4 Nf6 12. Re1 O-O 13. Bg5 Rc8 14. c3 Nd5 15. Bxe7 Qxe7 16. Qa4 c5 17. dxc5 Rxc5 18. Qg4 Nf6 19. Qg3 Nh5 20. Qg4 Nf6 21. Qh4 Rd8 22. Rad1 Rcd5 23. Rxd5 Rxd5 24. Nd4 Qd6 25. Nf3 Rd1 26. Qc4 Rxe1+ 27. Nxe1 h6 28. Qd3 Qc6 29. Nf3 Qa4 30. Qb1 Qc4 31. h3 Ne4 32. Qc2 Nc5 33. b3 Qd3 34. Qb2 Ne4 35. c4 Qd1+ 36. Kh2 Qf1 37. Qe5 Nxf2 38. Qb8+ Kh7 39. Qxa7 Qh1+ 40. Kg3 Ne4+ 41. Kf4 Nf6 42. Qxf7 Qxg2 43. Qxe6 Qf2 44. h4 Nh5+ 45. Ke4 Qe2+ 46. Kf5 Qxf3+ 47. Ke5 Qg3+ 48. Kd4 Qxh4+ 49. Kc3 Qf6+ 50. Qxf6 Nxf6 51. b4 Nd7 52. Kd4 Kg8 53. c5 bxc5+ 54. bxc5 h5 55. c6 Nb6 56. Kc5 Nc8 57. c7 h4 58. Kc6 h3 59. Kd7 h2 60. Kxc8 h1=Q 61. Kd8 Qd5+ 62. Ke7 Qc6 63. Kd8 Qd6+ 64. Kc8 g5 65. a4 g4 66. a5 g3 67. Kb7 Qb4+ 68.
Kc6 Qc4+ 69. Kb7 Qb5+ 0-1

[Event "44th Chess Olympiad Women 2022"]
[Site "Chennai"]
[Date "2022.08.05"]
[Round "7.40"]
[White "Nakabo, Peninah"]
[Black "Shabanaj, Eglantina"]
[Result "1-0"]
[WhiteElo "1747"]
[BlackElo "1940"]
[Annotator "NA RC"]
[PlyCount "142"]
[EventDate "2022.??.??"]
[TimeControl "60"]

1. e4 e6 2. d4 d5 3. Nd2 Nf6 4. exd5 exd5 5. Ngf3 Bd6 6. Bd3 O-O 7. O-O Bg4 8. c3 c5 9. dxc5 Bxc5 10. Qc2 Nc6 11. Nb3 Bd6 12. Nbd4 Rc8 13.
Nxc6 bxc6 14. Bf5 Bxf3 15. gxf3 Rb8 16. Kh1 Qc7 17. Bg5 Bxh2 18. Bxf6 gxf6 19. Bxh7+ Kg7 20. Rg1+ Kh6 21. Rg4 Rh8 22. Rh4+ Kg7 23. Rxh2 Qf4 24. Rg1+ Kf8 25. Rg3 Re8 26. Kg2 Re1 27. Bf5 Rxh2+ 28. Kxh2 Qe5 29. Bd3 Qh5+ 30. Rh3 Qe5+ 31. Kg2 Qg5+ 32. Rg3 Qh4 33. Bf1 Re5 34. Qb3 Rh5 35. Qb4+ Qxb4 36. cxb4 Re5 37. Rg4 Re1 38. Rd4 Rb1 39. Rd2 Ke7 40. Ba6 Kd6 41. f4 Re1 42. Kf3 Rg1 43.
Rc2 Rd1 44. Bb7 Rd3+ 45. Kg4 Rd4 46. Rxc6+ Ke7 47. Rc7+ Kd6 48. Rxf7 Rxb4 49. b3 Ke6 50. Rh7 Rd4 51. Bc8+ Kd6 52. Rxa7 Rd2 53. Kf3 Rc2 54. Bf5 Rc3+ 55. Ke2 Rc6 56. Bd3 Kc5 57. Rb7 Re6+ 58. Kd2 Re8 59. b4+ Kd4 60. a4 Rc8 61. a5 Rc3 62. Be2 Ra3 63.
Rc7 Ke4 64. a6 d4 65. a7 Ra2+ 66. Ke1 Ra1+ 67. Bd1 d3 68. b5 Ra2 69. b6 d2+ 70. Ke2 Kxf4 71. b7 Rxa7 1-0

[Event "44th Chess Olympiad Women 2022"]
[Site "Chennai"]
[Date "2022.08.05"]
[Round "7.40"]
[White "Nansubuga, Gloria"]
[Black "Gjergji, Rozana"]
[Result "0-1"]
[WhiteElo "1538"]
[BlackElo "1920"]
[Annotator "NA RC"]
[PlyCount "76"]
[EventDate "2022.??.??"]
[TimeControl "60"]

1. e4 d5 2. exd5 Qxd5 3. Nc3 Qa5 4. d4 c6 5. Bc4 Nf6 6. Nf3 Bf5 7. Bd2 e6 8. Qe2 Nbd7 9. d5 cxd5 10. Nxd5 Qd8 11. Nxf6+ gxf6 12. O-O-O Qc7 13. Nd4 Bg6 14. Nxe6 fxe6 15. Qxe6+ Be7 16. Bb4 Ne5 17. Bb5+ Kf8 18. Qxf6+ Kg8 19. Qe6+ Nf7 20. Bc3 Bb4 21. Rd7 Qf4+ 22. Kb1 Bxc3 23. bxc3 Kg7 24. Rhd1 Rhe8 25. Qb3 a6 26. R7d4 Re4 27. f3 Rxd4 28. Rxd4 Qxh2 29. Bc4 Rf8 30. Bd3 Qxg2 31. Bxg6 hxg6 32. Qxb7 Qg3 33. Qxa6 Qxf3 34. Qa7 Qxc3 35. Rd7 Kg8 36. Qc7 Qb4+ 37. Kc1 Re8 38. c3 Qa3+ 0-1

[Event "44th Chess Olympiad Women 2022"]
[Site "Chennai"]
[Date "2022.08.05"]
[Round "7.40"]
[White "Omeri, Eklea"]
[Black "Kawuma Patricia"]
[Result "1/2-1/2"]
[WhiteElo "1718"]
[BlackElo "1653"]
[Annotator "NA RC"]
[PlyCount "141"]
[EventDate "2022.??.??"]
[TimeControl "60"]

1. d4 d5 2. c4 e6 3. Nc3 Nf6 4. Nf3 Be7 5. Bg5 h6 6. Bxf6 Bxf6 7. e3 O-O 8. cxd5 exd5 9. Bd3 c6 10. h3 Be6 11. Qc2 Nd7 12. b4 Nb6 13.
a4 Nc4 14. O-O a6 15. b5 cxb5 16. axb5 a5 17. Rfc1 Rc8 18. Qa2 b6 19. Nd2 Nxd2 20. Qxd2 Be7 21. Na4 Qd6 22. Rxc8 Rxc8 23. Rc1 Rxc1+ 24. Qxc1 Bd8 25. Qc3 Kf8 26. f4 Bc7 27. Kh2 g5 28. g3 gxf4 29. gxf4 Bd8 30. Nb2 Bd7 31. Nd1 Bh4 32. Qd2 a4 33. Nc3 a3 34. Qg2 Be6 35. Bb1 Qb4 36. Qc2 Bf5 37. Qc1 Bxb1 38. Nxb1 Qxb5 39. Qxa3+ Be7 40. Qa8+ Kg7 41. Qa2 Qc4 42. Qg2+ Kf8 43. Nd2 Qd3 44. Nf1 b5 45. Kg1 Ba3 46. Qxd5 b4 47. f5 Kg8 48. Qg2+ Kh7 49. h4 Bc1 50. Qd5 Bxe3+ 51. Nxe3 Qxe3+ 52. Kg2 Kg7 53. f6+ Kg6 54. h5+ Kxf6 55. Qd6+ Qe6 56. Qxb4 Qg4+ 57. Kf2 Qxh5 58. Qd6+ Kg7 59. Qg3+ Qg6 60. Qc3 h5 61. Ke1 Qe4+ 62. Kf1 f6 63. Qg3+ Qg4 64. Qc7+ Kg6 65. Qd8 h4 66. Qg8+ Kf5 67. Qc8+ Kf4 68. Qc7+ Ke4 69. Qe7+ Kf5 70. Qd7+ Kg5 71. Qg7+ 1/2-1/2

[Event "44th Chess Olympiad Women 2022"]
[Site "Chennai"]
[Date "2022.08.05"]
[Round "7.40"]
[White "Shuqja, Klean"]
[Black "Ampaire Shakira"]
[Result "1-0"]
[WhiteElo "1883"]
[BlackElo "1666"]
[Annotator "NA"]
[PlyCount "141"]
[EventDate "2022.??.??"]
[TimeControl "60"]

1. e4 e5 2. Nf3 Nc6 3. Bb5 d6 4. O-O Bd7 5. c3 Nf6 6. d3 Be7 7. Nbd2 O-O 8. Re1 Re8 9. Nf1 h6 10. Ng3 Kh7 11. h3 a6 12. Ba4 b5 13.
Bc2 b4 14. d4 bxc3 15. bxc3 g6 16. Nh2 Ng8 17. dxe5 Nxe5 18. f4 Nc6 19. Qd5 Kg7 20. Bb3 Rf8 21. e5 Bh4 22. Qf3 Nge7 23. Ba3 Nf5 24. Nxf5+ Bxf5 25. g3 Na7 26. gxh4 Qxh4 27. Kg2 Nb5 28. Bb2 dxe5 29. Qg3 Qf6 30. fxe5 Qc6+ 31. Qf3 Qc5 32. a4 Rfd8 33. axb5 Rd3 34. Qe2 Bxh3+ 35. Kh1 Qxb5 36. e6 Qc6+ 37. Qe4 Qxe4+ 38. Rxe4 fxe6 39. Rd1 Rg3 40. Rg1 Rd3 41. Rd4 Bf5 42. Rd1 Rxd4 43. Rxd4 e5 44. Rc4 Rb8 45. Rb4 Rd8 46. Ng4 a5 47. Rc4 Bxg4 48. Rxg4 Rb8 49. c4 Rxb3 50. Bxe5+ Kf7 51. Bxc7 a4 52. c5 a3 53. Ra4 Rb1+ 54. Kg2 Rb2+ 55. Kf3 a2 56. Ke3 Ke6 57. Kd3 Kd5 58. Bd6 g5 59. Kc3 Re2 60. Kb3 g4 61. Rxa2 Rxa2 62. Kxa2 h5 63. Kb3 g3 64. Kb4 h4 65. Kb5 Ke4 66. c6 Kf3 67. c7 h3 68. c8=Q h2 69. Qh3 h1=Q 70.
Qxh1+ g2 71. Qg1 1-0

[Event "44th Chess Olympiad Women 2022"]
[Site "Chennai"]
[Date "2022.08.05"]
[Round "7.41"]
[White "Kannappan, Sigappi"]
[Black "Cooke, Suzie G."]
[Result "0-1"]
[WhiteElo "1914"]
[BlackElo "1936"]
[Annotator "NA RC"]
[PlyCount "96"]
[EventDate "2022.??.??"]
[TimeControl "60"]

1. e4 e6 2. d4 d5 3. Nc3 Nf6 4. Bg5 Be7 5. e5 Nfd7 6. h4 a6 7. Qg4 Kf8 8. Bxe7+ Qxe7 9. O-O-O c5 10. f4 cxd4 11. Nce2 Nc6 12. Nxd4 Qb4 13. Nge2 Nc5 14. Rh3 Ne4 15. Nxc6 bxc6 16. Rd4 Qe1+ 17. Rd1 Qxd1+ 18. Kxd1 Nf2+ 19. Kd2 Nxg4 20. Rc3 Nh2 21. Ng3 Nxf1+ 22. Nxf1 Bd7 23. Rb3 Ke7 24. Rg3 g6 25. Ne3 h5 26. c4 Rhb8 27. b3 a5 28. cxd5 cxd5 29. Nc2 Kf8 30. Rg5 Ra7 31. g4 hxg4 32. Rxg4 Ke7 33. Rg3 Rh8 34. Rh3 f6 35. Nd4 Rb7 36. Nf3 Rb4 37. exf6+ Kxf6 38. Ne5 Be8 39. Nd3 Re4 40. a3 Bb5 41. Nc5 Rxf4 42. Re3 e5 43. a4 d4 44. Ne4+ Ke6 45. Re1 Kd5 46. Ng5 Rf2+ 47. Kd1 Bd3 48. Nh3 Ra2 0-1

[Event "44th Chess Olympiad Women 2022"]
[Site "Chennai"]
[Date "2022.08.05"]
[Round "7.41"]
[White "Li, Joy Ching"]
[Black "Lampard, Alice"]
[Result "1-0"]
[WhiteElo "1386"]
[BlackElo "1729"]
[Annotator "NA RC"]
[PlyCount "41"]
[EventDate "2022.??.??"]
[TimeControl "60"]

1. Nf3 c5 2. g3 Nc6 3. d4 cxd4 4. Nxd4 Nf6 5. Bg2 d5 6. O-O e6 7. c4 Bd7 8. Nc3 Bb4 9. cxd5 Nxd4 10. Qxd4 Bxc3 11. bxc3 exd5 12. Ba3 Be6 13. Rfd1 Qc7 14. Rab1 b6 15. c4 Rd8 16. cxd5 Bxd5 17. Rbc1 Qd7 18. Bxd5 Qxd5 19. Qa4+ b5 20. Rxd5 bxa4 21.
Re5+ 1-0

[Event "44th Chess Olympiad Women 2022"]
[Site "Chennai"]
[Date "2022.08.05"]
[Round "7.41"]
[White "Reid, Caitlin"]
[Black "Lam, Ka Yan"]
[Result "0-1"]
[WhiteElo "1437"]
[BlackElo "1223"]
[Annotator "NA"]
[PlyCount "64"]
[EventDate "2022.??.??"]
[TimeControl "60"]

1. e4 e5 2. Nf3 Nf6 3. Bc4 Nxe4 4. d3 Nf6 5. Nxe5 d5 6.
Bb3 Bd6 7. Bf4 O-O 8. O-O Re8 9. d4 c6 10. Nd2 Bf5 11. Bg3 Nbd7 12. Nxf7 Kxf7 13. Bxd6 a5 14. c4 Bd3 15. Re1 Rxe1+ 16. Qxe1 a4 17. Qe3 axb3 18. Qxd3 bxa2 19. Ba3 Qe8 20. Rxa2 Qe1+ 21. Nf1 Ne4 22. Qf3+ Ndf6 23. b4 Kg8 24. Re2 Qd1 25. cxd5 Rxa3 26. Qxa3 Qxe2 27. Qa8+ Kf7 28. Qxb7+ Kg6 29. h3 cxd5 30. f3 Qf2+ 31. Kh2 Ng5 32. Ng3 Nxf3+ 0-1

[Event "44th Chess Olympiad Women 2022"]
[Site "Chennai"]
[Date "2022.08.05"]
[Round "7.41"]
[White "Roy, Ali"]
[Black "Deng, Jing Xin Crystal"]
[Result "1/2-1/2"]
[WhiteElo "1893"]
[BlackElo "1914"]
[Annotator "NA RC"]
[PlyCount "62"]
[EventDate "2022.??.??"]
[TimeControl "60"]

1. Nf3 d5 2. g3 c5 3. Bg2 Nf6 4. O-O Nc6 5. d3 e5 6. Nbd2 Be7 7. e4 O-O 8. exd5 Nxd5 9. Nc4 f6 10. a4 Be6 11. Bd2 Rb8 12. Re1 Qd7 13.
Ne3 Rbd8 14. Qe2 Qc8 15. h4 Nd4 16. Nxd4 cxd4 17. Nc4 Bg4 18.
f3 Bh3 19. f4 Bxg2 20. Qxg2 exf4 21. gxf4 Qf5 22. Kh1 Rd7 23. Re4 Qh5 24. f5 Qxf5 25. Rf1 Qh5 26. Rxd4 Bc5 27. Rg4 f5 28. Rg3 Qxh4+ 29. Rh3 Qf6 30. Bg5 Qe6 31. Qh2 g6 1/2-1/2

[Event "44th Chess Olympiad Women 2022"]
[Site "Chennai"]
[Date "2022.08.05"]
[Round "7.42"]
[White "Clarke, Adani"]
[Black "Grishina, Alexandra"]
[Result "1-0"]
[WhiteElo "1812"]
[BlackElo "2012"]
[Annotator "NA RC"]
[PlyCount "109"]
[EventDate "2022.??.??"]
[TimeControl "60"]

1. d4 e6 2. c4 f5 3. Nc3 Bb4 4. Nf3 Nf6 5. Bd2 Bxc3 6. Bxc3 d6 7. g3 Ne4 8. Qc2 Nd7 9. Bg2 Ndf6 10. Nd2 Nxd2 11. Qxd2 O-O 12. Qd3 d5 13. O-O c6 14. b3 a5 15. f3 b6 16. Bb2 Ra7 17. Qc2 Ba6 18.
Rfe1 Rc7 19. Rac1 Rff7 20. Qd2 Rfd7 21. c5 Qb8 22. cxb6 Qxb6 23. Bc3 Qa7 24. Bxa5 Rc8 25. Bb4 Rdd8 26. Bc5 Qf7 27. Rc2 Qh5 28. Rec1 Rd7 29. Bb4 Bb7 30. Qe3 Kf7 31. Ba5 g5 32. Qd2 Rg8 33. Kf2 f4 34. gxf4 Qh4+ 35. Kg1 gxf4 36. e3 Nh5 37. Qf2 Qg5 38. Bd2 Ke8 39. exf4 Nxf4 40. Bxf4 Qxf4 41. Kh1 Rdg7 42. Bh3 Rg6 43. Bg4 Rf6 44. Qh4 Kf8 45. Qxh7 Rg7 46. Qh8+ Rg8 47. Qh7 Rg7 48. Qd3 e5 49. dxe5 Qxe5 50. Re2 Qd6 51. Rce1 Rh6 52. Re8+ Kf7 53. Qf5+ Rf6 54. Bh5+ Rgg6 55. Bxg6+ 1-0

[Event "44th Chess Olympiad Women 2022"]
[Site "Chennai"]
[Date "2022.08.05"]
[Round "7.42"]
[White "Darweeche, Roaa"]
[Black "Curwin, Nickaylah"]
[Result "0-1"]
[WhiteElo "1548"]
[BlackElo "1499"]
[Annotator "NA RC"]
[PlyCount "144"]
[EventDate "2022.??.??"]
[TimeControl "60"]

1. b4 d5 2. Bb2 Bf5 3. Nf3 e6 4. a3 Nf6 5. Nh4 Bg6 6. Nxg6 hxg6 7. d3 c6 8. Nd2 Be7 9. g3 Qb6 10. Nb3 Nbd7 11. e3 Rc8 12. c4 Qd8 13.
c5 Qc7 14. Bg2 O-O 15. O-O e5 16. Qc2 Rfe8 17. Rad1 Nh7 18. f4 Bf6 19. f5 Ndf8 20. Qf2 Rcd8 21. h4 Qe7 22. Bh3 g5 23. h5 e4 24. d4 Qc7 25.
Bg4 Nd7 26. Qh2 Ndf8 27. Kg2 Be7 28. h6 g6 29. fxg6 Nxg6 30.
Bh5 Rf8 31. Rf2 Rde8 32. Rdf1 Bd8 33. Qh3 Re6 34. Nd2 Rf6 35. Rxf6 Bxf6 36. Bxg6 fxg6 37. Qe6+ Qf7 38. Qh3 Qe7 39. a4 Bh8 40. Kg1 Rxf1+ 41. Qxf1 Qf6 42. b5 g4 43. Qxf6 Bxf6 44. Nb3 Bd8 45. Bc3 Kf7 46. bxc6 bxc6 47. Ba5 Bg5 48. Kf2 Ke6 49. Bc7 Bxh6 50. Bb8 a6 51. Na5 Kd7 52. Be5 Ng5 53. Bf4 Nh3+ 54. Kg2 Bf8 55. Nb3 Be7 56. Nd2 Bd8 57. Nf1 Ke6 58. Nd2 Kd7 59. Nb3 Ke6 60. Kf1 Nxf4 61. gxf4 Kf5 62. Nc1 g5 63. Ne2 gxf4 64. Nxf4 Bc7 65. Ng2 g3 66. Ne1 Kg4 67. Kg1 Ba5 68. Nc2 Kf3 69. Kf1 Bd2 70. Na3 g2+ 71. Kg1 Bxe3+ 72. Kh2 g1=Q+ 0-1

[Event "44th Chess Olympiad Women 2022"]
[Site "Chennai"]
[Date "2022.08.05"]
[Round "7.42"]
[White "Mouradian, Knarik"]
[Black "Miller, Rachel"]
[Result "1/2-1/2"]
[WhiteElo "2121"]
[BlackElo "1961"]
[Annotator "NA RC"]
[PlyCount "124"]
[EventDate "2022.??.??"]
[TimeControl "60"]

1. e4 e5 2. Nf3 Nc6 3. Nc3 Nf6 4. d4 exd4 5. Nxd4 Bb4 6.
Nxc6 bxc6 7. Bd3 O-O 8. O-O d5 9. e5 Ng4 10. Bf4 Re8 11. Re1 d4 12. a3 dxc3 13. axb4 cxb2 14. Rb1 Be6 15. Qf3 f6 16. h3 fxe5 17. hxg4 exf4 18. Qxc6 Bxg4 19. Rxe8+ Qxe8 20. Qc4+ Be6 21.
Qe4 g6 22. Rxb2 Bf7 23. Qxf4 Qe1+ 24. Kh2 Re8 25. Bc4 Re7 26. Rb3 Bxc4 27. Qxc4+ Qe6 28. Qxe6+ Rxe6 29. Rc3 c6 30. Kg3 Kf7 31. f4 h5 32. Ra3 Re7 33. Ra6 Re3+ 34. Kh4 Rc3 35. Kg5 Rg3+ 36. Kh6 Rxg2 37. Rxc6 h4 38. Rc3 Rg4 39. b5 Rxf4 40. Kg5 Rf5+ 41. Kxh4 Rxb5 42. Rc7+ Kf6 43. Rxa7 Rc5 44.
Ra2 g5+ 45. Kg4 Rc4+ 46. Kg3 Kf5 47. Ra5+ Kg6 48. Ra2 Kh5 49. Rb2 Rc3+ 50. Kg2 Kh4 51. Rb4+ g4 52. Rb3 Rxc2+ 53. Kg1 Re2 54. Ra3 Rb2 55. Rc3 Rd2 56. Ra3 g3 57. Ra8 Kh3 58. Rh8+ Kg4 59. Rg8+ Kh3 60. Rh8+ Kg4 61. Rg8+ Kh3 62. Rh8+ Kg4 1/2-1/2

[Event "44th Chess Olympiad Women 2022"]
[Site "Chennai"]
[Date "2022.08.05"]
[Round "7.43"]
[White "Cho, Yeonhee"]
[Black "Punsalan, Vyanla M"]
[Result "0-1"]
[WhiteElo "1427"]
[BlackElo "1895"]
[Annotator "NA RC"]
[PlyCount "38"]
[EventDate "2022.??.??"]
[TimeControl "60"]

1. e4 c6 2. Nf3 d5 3. Nc3 dxe4 4. Nxe4 Nf6 5. Qe2 Bf5 6. Nxf6+ gxf6 7. d3 Rg8 8. Bd2 a5 9. O-O-O Na6 10. Kb1 Nb4 11. a3 Qd5 12. Bxb4 axb4 13. Nd2 bxa3 14. bxa3 Rxa3 15. Nb3 Rxb3+ 16. cxb3 Qxb3+ 17. Ka1 Rg4 18. Rd2 Bxd3 19. Qxg4 Qb1# 0-1

[Event "44th Chess Olympiad Women 2022"]
[Site "Chennai"]
[Date "2022.08.05"]
[Round "7.43"]
[White "Ning, Isabelle Yixuan"]
[Black "Kang, Sohyun"]
[Result "1-0"]
[WhiteElo "1853"]
[BlackElo "1593"]
[Annotator "NA"]
[PlyCount "71"]
[EventDate "2022.??.??"]
[TimeControl "60"]

1. d4 d5 2. c4 c6 3. Nc3 Nf6 4. e3 Bf5 5. Nf3 e6 6. Bd3 Bg6 7. O-O Nbd7 8.
Qe2 Ne4 9. Nd2 f5 10. f3 Nef6 11. e4 dxe4 12. fxe4 Qb6 13. exf5 Qxd4+ 14. Kh1 Ne5 15. fxg6 Nxd3 16. Nf3 Qxc4 17. Nd2 Qd4 18. Qxe6+ Be7 19. Nde4 hxg6 20. Bf4 Nxf4 21. Rxf4 Qd7 22. Rxf6 O-O-O 23.
Qxd7+ Rxd7 24. Rxg6 Bb4 25. h3 Rhd8 26. a3 Ba5 27. Nc5 Re7 28.
N3e4 Bc7 29. Ng5 Rd5 30. b4 Rde5 31. Nge6 Bd6 32. Rxg7 Bxc5 33. Rg8+ Kd7 34. Nxc5+ Kc7 35. Rd1 a5 36. Rgd8 1-0

[Event "44th Chess Olympiad Women 2022"]
[Site "Chennai"]
[Date "2022.08.05"]
[Round "7.43"]
[White "You, Garam"]
[Black "Thurner, Anya"]
[Result "0-1"]
[WhiteElo "1407"]
[BlackElo "1619"]
[Annotator "NA RC"]
[PlyCount "80"]
[EventDate "2022.??.??"]
[TimeControl "60"]

1. d4 d5 2. c4 e6 3. Nc3 Nf6 4. Nf3 Be7 5. Bf4 O-O 6. e3 b6 7. Bd3 Bb7 8. cxd5 exd5 9. O-O c5 10. Qe2 Nc6 11. Rfd1 cxd4 12. Nxd4 Nxd4 13. exd4 Rc8 14. Rac1 Qd7 15. Bb5 Bc6 16. Ba6 Bb7 17. Bb5 Qd8 18. Re1 Ne4 19. Nxe4 dxe4 20. Rxc8 Qxc8 21. Rc1 Qf5 22. Be3 Rc8 23. Rd1 Bd5 24. Ba6 Rc7 25. Qb5 Qg4 26. Qe8+ Bf8 27. Qa4 f5 28. h3 Qh5 29. Bf4 Rf7 30. Rc1 g5 31. Be5 f4 32. Bc8 f3 33.
Bg4 Qg6 34. Qb5 Be6 35. Bxe6 Qxe6 36. Qc4 Qf5 37. Qd5 fxg2 38. Rc2 e3 39. Qxg2 Qxc2 40. Qxg5+ Qg6 0-1

[Event "44th Chess Olympiad Women 2022"]
[Site "Chennai"]
[Date "2022.08.05"]
[Round "7.43"]
[White "Zhang, Jasmine Haomo"]
[Black "Park, Sunwoo"]
[Result "1-0"]
[WhiteElo "1972"]
[BlackElo "1773"]
[Annotator "NA RC"]
[PlyCount "107"]
[EventDate "2022.??.??"]
[TimeControl "60"]

1. d4 d5 2. Bf4 Nf6 3. e3 c5 4. Nf3 Nc6 5. Nbd2 Bf5 6. dxc5 e6 7. Bb5 Bxc5 8. Nb3 O-O 9. O-O Qb6 10. Bd3 Bg4 11. Be2 Rfe8 12. Nxc5 Qxc5 13. Ne5 Bf5 14. Bd3 Ne4 15. Nxc6 bxc6 16. Be5 f6 17. Bd4 Qe7 18. f3 Nc5 19. Bxf5 exf5 20. Re1 Rad8 21. b3 Ne6 22. Bb2 c5 23. Qd3 g6 24. Rad1 Nc7 25. Qc3 Kg7 26. Qa5 Rb8 27. Qxa7 Ra8 28. Qb6 Rf8 29. a4 Ra6 30. Qb7 Rfa8 31. e4 R8a7 32. Qb8 Ra8 33. exd5 Qxe1+ 34. Rxe1 Rxb8 35. Re7+ Kg8 36. Rxc7 Re8 37. Kf2 c4 38. Rxc4 Ra5 39. Rd4 Rd8 40. c4 Kf7 41. Ba3 Rb8 42. Rd3 Rd8 43. Bb4 Ra6 44. c5 Rb8 45. Ba3 f4 46. c6 Ke8 47. Bd6 Rc8 48.
Bxf4 Kd8 49. Bd6 Ra5 50. Ke3 Rca8 51. Kd4 f5 52. Bc5 Kc7 53. Re3 Rd8 54. Re7+ 1-0